 Dungeon Crawl Stone Soup version 0.29-a0-892-g2c4c91d9db (webtiles) character file.

Game seed: 14803553556490633981

6198 kae the Martial Artist (level 10, -1/76 HPs)
             Began as a Demonspawn Gladiator on July 22, 2022.
             Was a Believer of Ru.
             Slain by a yak (2 damage)
             ... on level 9 of the Dungeon.
             The game lasted 00:09:31 (11873 turns).

kae the Martial Artist (Demonspawn Gladiator)      Turns: 11873, Time: 00:09:32

Health: -1/76      AC: 12    Str: 21    XL:     10   Next: 61%
Magic:  10/10      EV:  8    Int:  9    God:    Ru [**....]
Gold:   355        SH:  0    Dex: 19    Spells: 9/9 levels left

rFire   + . .      SeeInvis .     - Unarmed
rCold   . . .      Faith    .   (no shield)
rNeg    . . .      Spirit   .   Z - +2 chain mail {Will+}
rPois   .          Reflect  .   b - +1 helmet
rElec   .          Harm     .   (no cloak)
rCorr   .          Rampage  .   (no gloves)
Will    +....                   (no boots)
Stlth   ..........              A - amulet of the acrobat
HPRegen 0.22/turn               S - +6 ring of strength
MPRegen 0.24/turn               F - ring of protection from fire

@: no status effects
A: claws 2, foul stench 1, magic regeneration, inability to use devices, talons
1, noise suppression
a: Renounce Religion, Sacrifice Arcana, Sacrifice Health, Sacrifice a Hand,
Reject Sacrifices


You were on level 9 of the Dungeon.
You worshipped Ru.
Ru was pleased with you.
You visited 2 branches of the dungeon, and saw 10 of its levels.

You collected 645 gold pieces.
You spent 290 gold pieces at shops.


Innate Abilities, Weirdness & Mutations

You have very sharp fingernails.
You may rarely emit foul miasma when damaged in melee.
You regenerate magic rapidly.
You cannot study or use magical devices.
You have sharp toenails.
You passively dampen the noise of your surroundings.


   Skills:
 + Level 6.2 Fighting
 - Level 1.7 Throwing
 - Level 2.6 Dodging
 * Level 13.9 Unarmed Combat


You had 9 spell levels left.
You didn't know any spells.
Your spell library contained the following spells:

 Spells                   Type           Power      Damage    Failure   Level
 Shock                    Conj/Air       0%         1d3       99%         1
 Scorch                   Fire           0%         2d5       100%        2
 Call Canine Familiar     Summ           0%         N/A       100%        3
 Portal Projectile        Hex/Tloc       0%         N/A       100%        3
 Swiftness                Air            0%         N/A       100%        3
 Airstrike                Air            0%         0-1+      100%        4
 Animate Armour           Summ/Erth      0%         N/A       100%        4
 Flame Wave               Conj/Fire      0%         2d4       100%        4
 Leda's Liquefaction      Hex/Erth       0%         N/A       100%        4
 Blade Hands              Tmut           0%         N/A       100%        5
 Iron Shot                Conj/Erth      0%         9d1       100%        6
 Summon Cactus Giant      Summ           0%         N/A       100%        6

Inventory:

Hand Weapons
 l - the +1 dagger "Dragon's Tongue" {drain, *Rage rF+ Int+2 Dex+7}
   (You found it on level 7 of the Dungeon)

   A truly terrible weapon, it drains the life of any living foe it strikes.
   Int:       It affects your intelligence (+2).
   Dex:       It affects your dexterity (+7).
   rF:        It protects you from fire.
   *Rage:     It berserks you when you make melee attacks (+20% chance).
Missiles
 c - 7 throwing nets (quivered) {=f!f}
 d - a javelin
 e - 76 stones
 i - 10 boomerangs
 j - 14 poisoned darts
 E - 3 curare-tipped darts {=f}
Armour
 b - a +1 helmet (worn)
 k - a +0 chain mail
   (You took it off an orc warrior on level 7 of the Dungeon)
 o - a +0 plate armour
   (You took it off an orc warrior on level 8 of the Dungeon)
 q - a +0 chain mail
   (You found it on level 7 of the Dungeon)
 s - a +0 plate armour
   (You took it off an orc warrior on level 7 of the Dungeon)
 t - a +0 plate armour
   (You took it off an orc warrior on level 7 of the Dungeon)
 w - a +0 ring mail
   (You took it off an orc on level 7 of the Dungeon)
 x - a +0 ring mail
   (You found it on level 8 of the Dungeon)
 y - a +0 chain mail
   (You took it off an orc warrior on level 8 of the Dungeon)
 C - a +0 plate armour
   (You found it on level 8 of the Dungeon)
 H - a +0 ring mail
   (You took it off an orc on level 8 of the Dungeon)
 I - a +0 ring mail
   (You took it off an orc priest on level 8 of the Dungeon)
 J - a +0 ring mail
   (You took it off an orc on level 8 of the Dungeon)
 K - a +0 ring mail
   (You took it off an orc on level 8 of the Dungeon)
 L - a +0 plate armour
   (You took it off an orc warrior on level 8 of the Dungeon)
 M - a +0 plate armour
   (You took it off an orc warrior on level 8 of the Dungeon)
 N - a +0 chain mail
   (You took it off an orc on level 9 of the Dungeon)
 P - a +0 chain mail
   (You took it off an orc warrior on level 9 of the Dungeon)
 Q - a +0 scale mail
   (You found it on level 9 of the Dungeon)
 T - a +0 ring mail
   (You found it on level 9 of the Dungeon)
 U - a +0 ring mail
   (You found it on level 9 of the Dungeon)
 V - a +0 chain mail
   (You took it off an orc warrior on level 9 of the Dungeon)
 W - a +0 ring mail
   (You took it off an orc on level 9 of the Dungeon)
 Y - a +0 chain mail
   (You took it off an orc on level 9 of the Dungeon)
 Z - a +2 chain mail of willpower (worn)
   (You took it off an orc priest on level 6 of the Dungeon)
Jewellery
 A - an amulet of the acrobat (around neck)
   (You found it on level 6 of the Dungeon)
 F - a ring of protection from fire (right claw)
   (You found it on level 2 of the Dungeon)
 R - a ring of resist corrosion
   (You found it on level 1 of the Dungeon)
 S - a +6 ring of strength (left claw)
   (You took it off an orc on level 3 of the Dungeon)
Wands
 f - a wand of digging (5)
   (You found it on level 9 of the Dungeon)
 u - a wand of quicksilver (12)
   (You took it off Jessica on level 2 of the Dungeon)
 v - a wand of flame (58)
   (You found it on level 6 of the Dungeon)
 B - a wand of iceblast (12)
   (You found it on level 6 of the Dungeon)
Scrolls
 D - a scroll of fog
 G - 2 scrolls of immolation {!r!r}
 O - 3 scrolls of teleportation {@r4}
 X - 3 scrolls of magic mapping {!r}
Potions
 a - 2 potions of heal wounds {@q2}
 g - a potion of magic
 h - 2 potions of mutation {!q}
 m - 2 potions of resistance
 n - a potion of invisibility
 p - 6 potions of curing {unknown}
 r - 2 potions of cancellation
 z - a potion of attraction {unknown}

Dungeon Overview and Level Annotations

Branches:
Dungeon (9/15) Zot: 25917  Temple (1/1) D:6 Zot: 5644
   Lair: D:8-11         Orc: D:9-12

Altars:
Ashenzari
Cheibriados
Dithmenos
Fedhas
Gozag
Hepliaklqana
Kikubaaqudgha
Makhleb
Nemelex Xobeh
Okawaru
Qazlal
Ru
Sif Muna
Trog
Uskayaw
Vehumet
Xom
Yredelemnul

Shops:
D:2 *   D:6 ?   D:7 [   D:8 [

Annotations:
D:7 1 exclusion

. ## .. ..... ...
..... ###+#....
.....#####........
.........Y.Y......
....[.....@°......
..........#######.
.........>#.....#..#
..........#.....#..#
....#
########..#.....#..##
....# #..#.....#...#
....# #..#####'#...#
....# #............#
....#
#............####


You could see 2 yaks.


Message History

You see here a wand of digging (5).
Could not pick up a wand of digging (5) here; ([A]lways) ignore it? [Y]es, [N]o, or [A]lways only, please.
Could not pick up a wand of digging (5) here; ([A]lways) ignore it? [Y]es, [N]o, or [A]lways only, please.
Could not pick up a wand of digging (5) here; ([A]lways) ignore it? [Y]es, [N]o, or [A]lways only, please.
Could not pick up a wand of digging (5) here; ([A]lways) ignore it? [Y]es, [N]o, or [A]lways only, please.
Could not pick up a wand of digging (5) here; ([A]lways) ignore it?
Okay, then.
Okay, then.
You drop a +0 chain mail.
f - a wand of digging (5)
You see here a +0 chain mail.
You now have 355 gold pieces (gained 12).
As you open the door, it creaks loudly!
There is an open door here.
Found a stone staircase leading down.
A yak comes into view.
The yak bellows!
A yak comes into view.
There are monsters nearby!
There are monsters nearby! 2 yaks come into view.
The yak bellows! x3
A yak comes into view.
The yak moves out of view.
The yak bellows!
The yak completely misses you.
You scratch the yak. You claw the yak! Your kick misses the yak.
The yak gores you! The yak gores you.
You claw the yak!
You claw the yak, but do no damage. 😕 HP[-15]
You take 15 damage, and now have 61/76 hp.
You barely miss the yak. You claw the yak, but do no damage. The yak gores you.
The yak completely misses you.
You redirect the yak's attack!
The yak gores the yak.
You scratch the yak but do no damage. The yak gores you but does no damage.
The yak barely misses you. x2 😕 HP[-1]
You take 1 damage, and now have 60/76 hp.
You scratch the yak. The yak closely misses you. The yak gores you!
The yak gores you but does no damage.
You are too injured to fight recklessly! 😮 HP[-10]
You take 10 damage, and now have 50/76 hp.
You are too injured to fight recklessly!
You are too injured to fight recklessly!
You are too injured to fight recklessly!
You are too injured to fight recklessly!
You mangle the yak!!
You kill the yak!
Your Fighting skill increases to level 6!
You mangle the yak!! You claw the yak, but do no damage.
The yak gores you but does no damage. x3
You scratch the yak but do no damage. You claw the yak.
The yak barely misses you. The yak gores you but does no damage.
The yak gores you. 😮 HP[-1]
You take 1 damage, and now have 49/76 hp.
You claw the yak! You scratch the yak.
You kill the yak!
The yak gores you.
You emit a cloud of foul miasma!
The yak misses you.
You scratch the yak. You claw the yak, but do no damage.
The yak is engulfed in dark miasma.
The yak is poisoned.
The yak gores you! The yak barely misses you. The yak gores you!
* * * LOW HITPOINT WARNING * * *
😨 HP[-17]
You take 17 damage, and now have 32/76 hp.
MASSIVE DAMAGE!! (PAUSE)
You claw the yak! You claw the yak, but do no damage.
The yak is engulfed in dark miasma.
The yak looks even sicker.
The yak gores you but does no damage. The yak gores you.
* * * LOW HITPOINT WARNING * * *
You emit a cloud of foul miasma!
You redirect the yak's attack!
The yak gores the yak!
The yak dies! 😨 HP[-2]
You take 2 damage, and now have 30/76 hp.
You barely miss the yak.
The yak bellows!
Your kick misses the yak. You claw the yak!
The yak is engulfed in dark miasma.
The yak is poisoned.
The yak gores you!
* * * LOW HITPOINT WARNING * * *
The yak gores you!
* * * LOW HITPOINT WARNING * * *
😱 HP[-18]
You take 18 damage, and now have 12/76 hp.
MASSIVE DAMAGE!! (PAUSE)
You scratch the yak. You claw the yak.
The yak is engulfed in dark miasma.
The yak looks even sicker.
The yak seems to slow down.
The yak gores you!
* * * LOW HITPOINT WARNING * * *
The yak gores you.
You die...

Skill      XL: |  1  2  3  4  5  6  7  8  9 10 |
---------------+-------------------------------+-----
Unarmed Combat | 3 4 5 6 7 9 11 12 13 | 13.9
Fighting       | 4 6 |  6.2
Throwing       | |  1.7
Dodging        | |  2.6

Action                   |  1- 3 |  4- 6 |  7- 9 | 10-12 || total
-------------------------+-------+-------+-------+-------++-------
Melee: Unarmed           |    80 |   143 |   283 |   170 ||   676
       Kick              |     7 |    33 |    75 |    42 ||   157
       Punch             |     1 |     1 |    14 |     5 ||    21
Invok: Sacrifice Artific |       |       |     1 |       ||     1
  Use: Scroll            |     1 |     9 |     5 |       ||    15
       Potion            |     1 |       |       |     4 ||     5
 Stab: Sleeping          |     1 |       |       |       ||     1
       Distracted        |       |       |       |     1 ||     1
       Invisible         |       |       |       |     1 ||     1
Armor: Leather armour    |    17 |       |       |       ||    17
       Ring mail         |       |    43 |    31 |       ||    74
       Chain mail        |       |       |    42 |    45 ||    87
       Skin              |       |       |       |     6 ||     6
Dodge: Dodged            |    33 |    96 |   176 |    77 ||   382

Levels and vault maps discovered:
D:1:      eino_arrival_druids_welcome, layout_loops_ring,
          basic_ecumenical_altar, due_unseen_surprise
D:2:      layout_loops_ring, serial_shops, nicolae_shop_behind_doors,
          uniq_jessica
D:3:      layout_basic, mainiacjoe_overflow_alcove_4,
          grunt_temple_overflow_order_and_chaos_1, hangedman_decor_riveting,
          grunt_decor_one_mirror, st_stairs_10
D:4:      kennysheep_spiral_hall, layout_gridville,
          chequers_temple_overflow_statue_of_worship
D:5:      layout_gridville, mainiacjoe_overflow_24_doors,
          general_overflow_altar, kennysheep_generic_room_3
D:6:      layout_basic, temple_pool_b, serial_shops, shop
D:7:      layout_loops_corners, kennysheep_vampire_church,
          mainiacjoe_overflow_small_starburst, kennysheep_another_room,
          dreamdust_wishing_well, nicolae_inconvenience_store,
          uniq_prince_ribbit1
D:8:      layout_rooms, special_room [special_room_orc], serial_shops,
          nicolae_square_shop, grunt_ministairs_7
D:9:      layout_irregular_city, erik_orc_1
Temple:   bh_familiar_temple

Notes
Turn   | Place    | Note
-------+----------+-------------------------------------------
     0 | D:1      | kae the Demonspawn Gladiator began the quest for the Orb.
     0 | D:1      | Reached XP level 1. HP: 16/16 MP: 1/1
     0 | D:1      | magus.rc [v1.11.3]
    67 | D:1      | Reached skill level 3 in Unarmed Combat
   119 | D:1      | Gained mutation: You have sharp fingernails. [demonic
                  | ancestry]
   119 | D:1      | Reached XP level 2. HP: 16/22 MP: 2/2
   387 | D:1      | Found a faded altar of an unknown god.
   842 | D:2      | Gained mutation: You passively dampen the noise of your
                  | surroundings. [potion of mutation]
   842 | D:2      | Gained mutation: You have sharp toenails. [potion of
                  | mutation]
  1110 | D:2      | Found Xonit's Assorted Antiques.
  1113 | D:2      | Bought a scroll labelled VEVUOKAIRCH for 24 gold pieces
  1113 | D:2      | Bought a fuming amethyst potion for 21 gold pieces
  1113 | D:2      | Bought a fuming amethyst potion for 21 gold pieces
  1113 | D:2      | Bought a golden potion for 21 gold pieces
  1185 | D:2      | Gained mutation: You regenerate magic rapidly. [demonic
                  | ancestry]
  1185 | D:2      | Reached XP level 3. HP: 24/27 MP: 3/3
  1266 | D:2      | Reached skill level 4 in Unarmed Combat
  1409 | D:2      | You pick up a book of the Hunter and begin reading...
  1409 | D:2      | You add the spells Call Canine Familiar, Portal Projectile
                  | and Leda's Liquefaction to your library.
  1795 | D:2      | Noticed Jessica
  1799 | D:2      | Killed Jessica
  1800 | D:2      | Reached XP level 4. HP: 32/33 MP: 4/4
  2248 | D:3      | Noticed an angel
  2250 | D:3      | Found a shimmering altar of Xom.
  2268 | D:3      | Reached skill level 5 in Unarmed Combat
  2354 | D:3      | Found a blossoming altar of Fedhas.
  2516 | D:4      | Reached XP level 5. HP: 38/38 MP: 5/5
  2553 | D:4      | You pick up a book of Scorching and begin reading...
  2553 | D:4      | You add the spells Scorch, Flame Wave and Summon Cactus
                  | Giant to your library.
  2555 | D:4      | You pick up a book of Iron and begin reading...
  2555 | D:4      | You add the spells Animate Armour, Blade Hands and Iron
                  | Shot to your library.
  2625 | D:4      | Noticed a phantom
  2640 | D:4      | Killed a phantom
  2641 | D:4      | Reached skill level 6 in Unarmed Combat
  2722 | D:4      | Gained mutation: You have very sharp fingernails. [demonic
                  | ancestry]
  2722 | D:4      | Reached XP level 6. HP: 44/44 MP: 6/6
  3124 | D:4      | Found a broken altar of Ashenzari.
  3125 | D:4      | Found a bloodstained altar of Trog.
  3125 | D:4      | Found a hazy altar of Hepliaklqana.
  3361 | D:5      | Entered Level 5 of the Dungeon
  3377 | D:4      | HP: 5/44 [gnoll/+0 flail[a gnoll sergeant] (7)]
  3661 | D:4      | HP: 11/44 [gnoll/+0 spear[a gnoll sergeant] (3)]
  3911 | D:5      | Reached skill level 7 in Unarmed Combat
  4199 | D:5      | Reached XP level 7. HP: 48/50 MP: 7/7
  4231 | D:5      | HP: 11/50 [centaur (2)]
  4231 | D:5      | HP: 3/50 [centaur (6)]
  4798 | D:5      | You pick up a book of Air and begin reading...
  4798 | D:5      | You add the spells Shock, Swiftness and Airstrike to your
                  | library.
  4884 | D:5      | Reached skill level 8 in Unarmed Combat
  5483 | D:6      | Reached skill level 9 in Unarmed Combat
  5483 | D:6      | Gained mutation: You may rarely emit foul miasma when
                  | damaged in melee. [demonic ancestry]
  5483 | D:6      | Reached XP level 8. HP: 56/56 MP: 8/8
  5745 | D:5      | HP: 6/56 [gnoll bouda/+0 whip (10)]
  6047 | D:6      | Reached skill level 10 in Unarmed Combat
  6206 | D:6      | Found a staircase to the Ecumenical Temple.
  6654 | D:6      | Found Enadugoj's Magic Scroll Emporium.
  6672 | D:6      | Reached skill level 11 in Unarmed Combat
  6688 | Temple   | Entered the Ecumenical Temple
  7022 | Temple   | Became a worshipper of Ru the Awakened
  7066 | D:6      | Bought a scroll of magic mapping for 105 gold pieces
  7066 | D:6      | Bought a scroll of identify for 28 gold pieces
  7066 | D:6      | Bought a scroll of identify for 28 gold pieces
  7066 | D:6      | Bought a scroll of teleportation for 42 gold pieces
  7220 | D:6      | Reached XP level 9. HP: 57/61 MP: 9/9
  7668 | D:7      | Found Ylujur's Armour Shoppe.
  7874 | D:7      | Noticed Prince Ribbit
  8015 | D:7      | Killed Prince Ribbit
  8016 | D:7      | Reached skill level 12 in Unarmed Combat
  8286 | D:7      | Identified the +1 dagger "Dragon's Tongue" {drain, *Rage
                  | rF+ Int+2 Dex+7}
  8359 | D:7      | Reached skill level 3 in Fighting
  8662 | D:7      | Gained mutation: You cannot study or use magical devices.
                  | [Ru sacrifice]
  8662 | D:7      | Reached * piety under Ru
  8662 | D:7      | Reached ** piety under Ru
  8666 | D:7      | Found an ancient bone altar of Kikubaaqudgha.
  8895 | D:7      | Found a basalt altar of Yredelemnul.
  9442 | D:8      | Found Eri Hash's Antique Armour Emporium.
  9474 | D:8      | Reached skill level 4 in Fighting
  9532 | D:7      | Reached XP level 10. HP: 53/73 MP: 10/10
  9734 | D:8      | Reached skill level 13 in Unarmed Combat
 10072 | D:8      | Reached skill level 5 in Fighting
 10814 | D:9      | HP: 17/74 [orc/boomerang (2)]
 10815 | D:9      | HP: 8/74 [centaur/arrow (8)]
 10820 | D:9      | HP: 14/74 [orc warrior/+0 long sword (4)]
 11865 | D:9      | Reached skill level 6 in Fighting
 11872 | D:9      | HP: 12/76 [yak (11)]
 11873 | D:9      | HP: 1/76 [yak (11)]
 11873 | D:9      | Slain by a yak

Vanquished Creatures
  A troll (D:9)
  Prince Ribbit (D:7)
  4 slime creatures
  2 yaks (D:9)
  2 steam dragons (D:6)
  9 orc warriors
  An ice beast (D:7)
  2 ogres
  3 centaurs
  2 phantoms
  6 bullfrogs
  A kobold brigand (D:8)
  A gnoll sergeant (D:5)
  3 scorpions
  6 wights
  6 killer bees (D:7)
  5 howler monkeys
  A vampire bat (D:7)
  3 jellies
  3 gnoll boudas
  9 orc priests
  3 hounds
  3 iguanas
  Jessica (D:2)
  10 orc wizards
  9 adders
  25 gnolls
  2 white imps
  An ufetubus (D:5)
  2 worms (D:2)
  3 dart slugs
  68 orcs
  2 bat skeletons (D:7)
  4 bat zombies (D:7)
  3 endoplasms
  2 giant cockroaches
  7 goblins
  4 hobgoblins
  3 jackals (D:2)
  11 kobolds
  3 quokkas
  8 ball pythons
  4 bats
  2 frilled lizards
  3 rats
254 creatures vanquished.

Vanquished Creatures (others)
  A yak (D:9)
  A kobold (D:3)
2 creatures vanquished.

Grand Total: 256 creatures vanquished

Table legend:
 A = Non-vault XP
 B = Vault XP
 C = Vault XP percentage of total XP
 D = Non-vault monster count
 E = Vault monster count
 F = Vault count percentage of total count
                 A         B        C        D         E       F
            +---------+---------+-------+---------+---------+-------
      Total |    7473 |    1382 |  15.6 |     201 |      54 |  21.2
            +---------+---------+-------+---------+---------+-------
        D:1 |      24 |       0 |   0.0 |      12 |       0 |   0.0
        D:2 |      67 |      37 |  35.6 |      16 |       1 |   5.9
        D:3 |      57 |       2 |   3.4 |      22 |       2 |   8.3
        D:4 |     329 |      55 |  14.3 |      17 |       4 |  19.0
        D:5 |     728 |      41 |   5.3 |      23 |       1 |   4.2
        D:6 |    1600 |       0 |   0.0 |      39 |       0 |   0.0
        D:7 |    1660 |     332 |  16.7 |      32 |       8 |  20.0
        D:8 |    1613 |     686 |  29.8 |      21 |      29 |  58.0
        D:9 |    1395 |     229 |  14.1 |      19 |       9 |  32.1
            +---------+---------+-------+---------+---------+-------

Illustrated notes

Table legend:
 A = Kills in this place as a percentage of kills in entire the game.
 B = Kills by you in this place as a percentage of kills by you in the entire game.
 C = Kills by friends in this place as a percentage of kills by friends in the entire game.
 D = Other kills in this place as a percentage of other kills in the entire game.
 E = Experience gained in this place as a percentage of experience gained in the entire game.
 F = Experience gained in this place divided by the number of levels of this place that you have seen.
                   A       B       C       D       E      F
               +-------+-------+-------+-------+-------+----------------------
         Total | 100.0 | 100.0 |   N/A | 100.0 | 100.0 | 885.5
       Dungeon | 100.0 | 100.0 |   N/A | 100.0 | 100.0 | 983.9
               +-------+-------+-------+-------+-------+----------------------

Table legend: (Time is in decaauts)
 A = Elapsed time spent in this place.
 B = Non-inter-level travel time spent in this place.
 C = Inter-level travel time spent in this place.
 D = Time resting spent in this place.
 E = Time spent auto-exploring this place.
 F = Levels seen in this place.
 G = Mean time per level.
                   A        B        C        D        E       F      G
               +--------+--------+--------+--------+--------+-----+--------+
         Total |  11761 |  11456 |    305 |   2138 |   7804 |  10 | 1176.1 |
       Dungeon |  11406 |  11149 |    257 |   2138 |   7500 |   9 | 1267.3 |
        Temple |    355 |    307 |     48 |      0 |    304 |   1 |  355.0 |
               +--------+--------+--------+--------+--------+-----+--------+

Top non-repeatable levels by time:
     D:7: 1952 daAuts
     D:5: 1851 daAuts
     D:8: 1597 daAuts
     D:6: 1328 daAuts
     D:4: 1221 daAuts
     D:2: 1176 daAuts
     D:1: 821 daAuts
     D:9: 811 daAuts
     D:3: 644 daAuts
  Temple: 355 daAuts
